 Dungeon Crawl Stone Soup version 0.18.1-50-g88ac8fd (webtiles) character file.

742 grisgris the Covert (level 7, -2/48 HPs)
             Began as a Vampire Enchanter on Oct 24, 2016.
             Was a Follower of Sif Muna.
             Slain by a hippogriff (7 damage)
             ... on level 4 of the Dungeon.
             The game lasted 00:11:51 (5490 turns).

grisgris the Covert (Vampire Enchanter)             Turns: 5490, Time: 00:11:52

Health: -2/48      AC:  0    Str:  7    XL:     7   Next: 47%
Magic:  2/12       EV: 22    Int: 19    God:    Sif Muna [*.....]
Gold:   275        SH:  0    Dex: 20    Spells: 3 memorised, 7 levels left

rFire  . . .     SeeInvis +     (weapon currently unavailable)
rCold  + + .     Gourm    .     (armour currently unavailable)
rNeg   + + +     Faith    .     (shield currently unavailable)
rPois  +         Spirit   .     (helmet currently unavailable)
rElec  .         Dismiss  .     (cloak currently unavailable)
rCorr  .         Reflect  .     (gloves currently unavailable)
SustAt .         Harm     .     (boots currently unavailable)
MR     .....                    (no amulet)
Stlth  ++++++....               (ring currently unavailable)
                                (ring currently unavailable)

@: bat-form, flying, very slightly contaminated, regenerating slowly, very
quick, not resistant to hostile enchantments, very stealthy
A: fangs 3, see invisible, (unbreathing)
a: End Transformation, Channel Energy, Renounce Religion


You were on level 4 of the Dungeon.
You worshipped Sif Muna.
Sif Muna was aware of your devotion.
You were near bloodless.
You were in vampire-bat-form.
You visited 1 branch of the dungeon, and saw 5 of its levels.

You collected 275 gold pieces.

Inventory:

Hand Weapons
 a - a +1 dagger
 k - a +3 short sword of venom (melded)
 n - a +0 dagger of protection
Armour
 b - a +2 robe (melded)
 i - a +1 pair of boots (melded)
Jewellery
 o - a cursed amulet of inaccuracy {unknown}
Wands
 h - a wand of confusion (14/48)
 p - a wand of paralysis (10/24)
 r - a wand of lightning (11/15)
 t - a wand of flame (22/48)
Scrolls
 l - 2 scrolls of remove curse
 q - 3 scrolls of identify
 u - a scroll of noise {unknown}
 v - a scroll of amnesia {unknown}
Potions
 d - 2 potions of heal wounds {unknown}
 e - 2 potions of degeneration {unknown}
 f - 2 potions of lignification {unknown}
 g - a potion of might
 j - 4 potions of curing {unknown}
 m - 2 potions of mutation {unknown}
 s - 2 potions of invisibility {unknown}
Books
 c - a book of Maledictions

   Spells                             Type                      Level
   a - Corona                         Hexes                        1
   b - Ensorcelled Hibernation        Hexes/Ice                    2
   c - Confuse                        Hexes                        3
   d - Tukima's Dance                 Hexes                        3
   e - Dazzling Spray                 Conjuration/Hexes            3


   Skills:
 + Level 1.0 Fighting
 + Level 2.0 Short Blades
 + Level 3.5 Dodging
 + Level 10.0 Stealth
 + Level 3.5 Spellcasting
 + Level 5.9 Hexes
 + Level 1.6 Ice Magic


You had 7 spell levels left.
You knew the following spells:

 Your Spells              Type           Power        Failure   Level  Hunger
a - Ensorcelled Hibernat  Hex/Ice        ###...       6%          2    ##.....
b - Confuse               Hex            ####....     4%          3    ###....
c - Corona                Hex            ####...      1%          1    None


Dungeon Overview and Level Annotations

Branches:
Dungeon (5/15)             Temple (0/1) D:4

Altars:
Elyvilon
Fedhas
Kikubaaqudgha
Okawaru
Qazlal
Sif Muna
Yredelemnul
Zin

Annotations:
D:5 exclusion: oklob plant


Innate Abilities, Weirdness & Mutations

You heal slowly.
You have razor-sharp teeth.
You have supernaturally acute eyesight.
((You can survive without breathing.))


Message History

Aim: a hippogriff (chance to defeat MR: 48%)
You miscast Ensorcelled Hibernation.
You are very lightly contaminated with residual magic.
Nothing appears to happen.
The hippogriff barely misses you. x3
The crimson imp hits you but does no damage.
The hippogriff bites you!
* * * LOW HITPOINT WARNING * * *
The hippogriff pecks you but does no damage.
The hippogriff claws you but does no damage.
You climb upwards.
There is a stone staircase leading down here.
You turn into a vampire bat.
Your +3 short sword of venom melds into your body.
Your +1 pair of boots melds into your body.
Your +2 robe melds into your body.
Your +3 short sword of venom stops dripping with poison.
The hippogriff bites you!
* * * LOW HITPOINT WARNING * * *
The hippogriff pecks you!
You die...

...##..# ##....'_#.## #.##
..)...### #.8..#.#..###.######
...#....###....###..##..##...#
..##.##..###.8..#......###...#
.###.###...##..........# #...#
## #.# ###.#####..###..# ##.##
#.# #.....##.# ##.# #.# #.#
#####.##.# #.# #.# ###.#
#..bH# #.####.# #...#######
###.5####......#
#.####....####...##...####.#
##.# #....##...#....#.# #.#
##.# ##....#....>...##.####.#
...###.....#...####..#...##.#
#..##......#####.....###.##.#
...........#โ‰ˆยงโ‰ˆ#.#####
#....# .#...##....##.โ‰ˆ###
##....#


You could see a hippogriff and a crimson imp.

Vanquished Creatures
  An orc warrior (D:5)
  A sky beast (D:5)
  A scorpion (D:5)
  4 orc wizards
  2 orc priests (D:4)
  Jessica (D:3)
  An iguana (D:4)
  5 worker ants
  A worker ant zombie (D:4)
  3 gnolls (D:4)
  5 adders
  2 oozes
  An adder skeleton (D:4)
  A worm (D:4)
  2 giant geckos
  19 orcs
  3 bats
  5 giant cockroaches
  2 hobgoblins
  2 jackals (D:2)
  A quokka (D:4)
  2 ball pythons (D:2)
  5 giant newts
  5 goblins
  5 kobolds
  A quokka zombie (D:5)
  4 rats
85 creatures vanquished.

Vanquished Creatures (others)
  An iguana (D:5)
  An adder (D:5)
  An orc (D:5)
  A jackal (D:5)
  A quokka (D:5)
  2 fungi (D:5)
  2 plants (D:5)
9 creatures vanquished.

Grand Total: 94 creatures vanquished

Notes
Turn   | Place    | Note
--------------------------------------------------------------
     0 | D:1      | grisgris the Vampire Enchanter began the quest for the Orb.
     0 | D:1      | Reached XP level 1. HP: 13/13 MP: 3/3
   212 | D:1      | Reached XP level 2. HP: 16/19 MP: 3/5
   216 | D:1      | Learned a level 2 spell: Ensorcelled Hibernation
   406 | D:1      | Reached skill level 5 in Stealth
   846 | D:2      | Found an iron altar of Okawaru.
   902 | D:2      | Reached skill level 6 in Stealth
   902 | D:2      | Reached XP level 3. HP: 19/24 MP: 3/6
  1378 | D:2      | Found an ancient bone altar of Kikubaaqudgha.
  1378 | D:2      | Found a basalt altar of Yredelemnul.
  1529 | D:2      | Found a stormy altar of Qazlal.
  1782 | D:3      | Found a white marble altar of Elyvilon.
  1926 | D:3      | Found a deep blue altar of Sif Muna.
  1929 | D:3      | Became a worshipper of Sif Muna the Loreminder
  2047 | D:3      | Reached XP level 4. HP: 30/30 MP: 4/7
  2143 | D:3      | Noticed Jessica
  2146 | D:3      | Killed Jessica
  2146 | D:3      | Reached skill level 5 in Hexes
  2461 | D:3      | Reached skill level 7 in Stealth
  2780 | D:4      | Reached XP level 5. HP: 35/35 MP: 8/8
  2879 | D:4      | Found a glowing silver altar of Zin.
  3190 | D:4      | Reached skill level 8 in Stealth
  3348 | D:4      | Reached skill level 1 in Ice Magic
  3386 | D:4      | Reached XP level 6. HP: 25/41 MP: 1/10
  3389 | D:4      | Reached skill level 9 in Stealth
  4033 | D:4      | Learned a level 3 spell: Confuse
  4134 | D:4      | Found a staircase to the Ecumenical Temple.
  4168 | D:5      | Entered Level 5 of the Dungeon
  4168 | D:5      | Noticed a sky beast
  4171 | D:5      | Killed a sky beast
  4497 | D:5      | Reached XP level 7. HP: 34/47 MP: 2/11
  4796 | D:5      | Found a blossoming altar of Fedhas.
  4823 | D:5      | Noticed an oklob plant
  4876 | D:5      | Reached * piety under Sif Muna
  4876 | D:5      | Reached skill level 10 in Stealth
  4889 | D:5      | Reached skill level 1 in Fighting
  5425 | D:5      | Noticed a hippogriff
  5490 | D:4      | Slain by a hippogriff

Skill      XL: |  1  2  3  4  5  6  7 |
---------------+----------------------+-----
Stealth        | 6 7 8 9 10 | 10.0
Hexes          | 5 |  5.9
Ice Magic      | 1 |  1.6
Dodging        | 3 |  3.5
Spellcasting   | 3 |  3.5
Short Blades   | 2 |  2.0
Fighting       | 1 |  1.0

Action                   |  1- 3 |  4- 6 |  7- 9 || total
-------------------------+-------+-------+-------++-------
Melee: Dagger            |    15 |       |       ||    15
       Bite              |     3 |     6 |     5 ||    14
       Short sword       |    38 |    83 |    19 ||   140
 Cast: Corona            |     2 |     1 |       ||     3
       Ensorcelled Hiber |    12 |    30 |    11 ||    53
       Confuse           |       |     3 |     2 ||     5
 Abil: Bat Form          |       |       |     2 ||     2
       End Transformatio |       |       |     1 ||     1
  Use: Scroll            |     4 |     3 |       ||     7
       Potion            |       |     1 |       ||     1
 Stab: Sleeping          |    25 |    28 |     4 ||    57
       Distracted        |       |     1 |       ||     1
  Eat: Corpse            |       |       |     1 ||     1
Armor: Robe              |     5 |    25 |    12 ||    42
Dodge: Dodged            |    25 |    59 |    15 ||    99
